 Dungeon Crawl Stone Soup version 0.22-a0-430-g6609fc6 (webtiles) character file.

33 wazuzu the Poker (level 3, -1/34 HPs)
             Began as a Naga Berserker on May 26, 2018.
             Was a Follower of Trog.
             Slain by an adder (5 damage)
             ... on level 2 of the Dungeon.
             The game lasted 00:01:34 (1612 turns).

wazuzu the Poker (Naga Berserker)                   Turns: 1612, Time: 00:01:35

Health: -1/34      AC:  2    Str: 20    XL:     3   Next: 29%
Magic:  3/3        EV: 10    Int:  7    God:    Trog [*.....]
Gold:   40         SH:  0    Dex: 10    Spells: 2/2 levels left

rFire    . . .     SeeInvis +   a - +0 spear
rCold    . . .     Gourm    .   (no shield)
rNeg     . . .     Faith    .   b - +0 animal skin
rPois    +         Spirit   .   (no helmet)
rElec    .         Reflect  .   (no cloak)
rCorr    .         Harm     .   (no gloves)
MR       .....                  (no barding)
Stlth    +.........             (no amulet)
HPRegen  0.11/turn              (no ring)
MPRegen  0.08/turn              (no ring)

@: lethally poisoned (-1 -> -2), very slow
A: large, see invisible, deformed body, poison resistance, slowness 2, slow
metabolism 1, spit poison 1, AC +1
a: Spit Poison, Berserk, Renounce Religion


You were on level 2 of the Dungeon.
You worshipped Trog.
Trog was aware of your devotion.
You were not hungry.

You visited 1 branch of the dungeon, and saw 2 of its levels.

You collected 40 gold pieces.

Inventory:

Hand Weapons
 a - a +0 spear (weapon)
Missiles
 d - 71 stones (quivered)
Armour
 b - a +0 animal skin (worn)
Scrolls
 f - 2 scrolls of magic mapping {unknown}
 g - a scroll of teleportation {unknown}
 i - 3 scrolls of identify {unknown}
 k - a scroll of immolation {unknown}
Potions
 e - a potion of curing {unknown}
 h - 3 potions of flight {unknown}
Comestibles
 c - 3 rations


   Skills:
 - Level 3.0 Fighting
 + Level 4.2 Polearms
 - Level 1.6 Armour
 - Level 1.6 Dodging


You had 2 spell levels left.
You didn't know any spells.
Your spell library was empty.

Dungeon Overview and Level Annotations

Branches:
Dungeon (2/15)

Altars:


Innate Abilities, Weirdness & Mutations

You cannot wear boots.
Your serpentine skin is tough. (AC +1)
You have supernaturally acute eyesight. (SInv)
Armour fits poorly on your strangely shaped body.
Your system is resistant to poisons. (rPois)
You cover ground very slowly.
You have a slow metabolism.
You can spit poison.


Message History

You barely miss the adder.
The adder is almost dead.
You have got your breath back.
The adder bites you.
You miss the adder.
The adder is almost dead.
The adder bites you.
* * * LOW HITPOINT WARNING * * *
You barely miss the adder.
The adder is almost dead.
You feel sick. The adder bites you but does no damage. The adder bites you.
* * * LOW HITPOINT WARNING * * *
You hit the adder but do no damage.
The adder is almost dead.
The adder bites you.
* * * LOW HITPOINT WARNING * * *
You barely miss the adder.
The adder is almost dead.
The adder bites you.
You die...

## . #. #.# #S#######
#@.....# #.#####.#
...# ..# #.# #..#
...#######.#######..#
....#
#............#..#
##.#
#.####.#####.#..# ##
#. #.# ......# #.#
#.# #.#.##.# #.####.#
#.....)#


You could see an adder.

Vanquished Creatures
  An ooze (D:2)
  A dart slug (D:1)
  A ball python (D:2)
  4 giant cockroaches
  2 goblins (D:2)
  5 hobgoblins
  3 bats (D:1)
  4 kobolds (D:1)
  3 rats (D:1)
24 creatures vanquished.

Vanquished Creatures (others)
  5 toadstools (D:1)
5 creatures vanquished.

Grand Total: 29 creatures vanquished

Notes
Turn   | Place    | Note
-------+----------+-------------------------------------------
     0 | D:1      | wazuzu the Naga Berserker began the quest for the Orb.
     0 | D:1      | Reached XP level 1. HP: 21/21 MP: 1/1
   128 | D:1      | Reached XP level 2. HP: 11/28 MP: 2/2
  1256 | D:2      | Reached skill level 4 in Polearms
  1256 | D:2      | Reached XP level 3. HP: 28/34 MP: 3/3
  1612 | D:2      | Slain by an adder

Vault maps used:
D:1:      ldierk_walled_garden, minmay_misc_feat_room
D:2:      first_ration, nemelex_lonely_heart_becter

Skill      XL: |  1  2 |
---------------+-------+-----
Polearms       | 4 |  4.2
Fighting       | |  3.0
Armour         | |  1.6
Dodging        | |  1.6

Action                   || total
-------------------------++-------
Melee: Spear             ||   117
 Abil: Spit Poison       ||     1
  Eat: Chunk             ||     1
Armor: Animal skin       ||    26
Dodge: Dodged            ||    54

Table legend:
 A = Spawn XP
 B = Non-spawn XP
 C = Spawn XP percentage of total XP
 D = Spawn monster count
 E = Non-spawn monster count
 F = Spawn count percentage of total count
 G = Total turns spent on level
                    A         B        C        D         E        F      G
               +---------+---------+-------+---------+---------+-------+---------
         Total |       0 |      48 |   0.0 |       0 |      24 |   0.0 |  1612
               +---------+---------+-------+---------+---------+-------+---------
           D:1 |       0 |      27 |   0.0 |       0 |      16 |   0.0 |  1235
           D:2 |       0 |      21 |   0.0 |       0 |       8 |   0.0 |   377
               +---------+---------+-------+---------+---------+-------+---------
